 Dungeon Crawl Stone Soup version 0.21.0-3-g78d12a8 (webtiles) character file.

611 Ignatius881 the Chopper (level 7, -2/61 HPs)
             Began as a Minotaur Berserker on Jan 8, 2018.
             Was a Priest of Trog.
             Slain by a gnoll
             ... wielding a +0 flail
              (10 damage)
             ... on level 6 of the Dungeon.
             The game lasted 00:12:41 (2956 turns).

Ignatius881 the Chopper (Minotaur Berserker)        Turns: 2956, Time: 00:12:42

Health: -2/61      AC:  7    Str: 22    XL:     7   Next: 20%
Magic:  6/6        EV: 12    Int:  4    God:    Trog [***...]
Gold:   131        SH:  0    Dex: 11    Spells: 6/6 levels left

rFire    . . .     SeeInvis .   a - +0 hand axe
rCold    . . .     Gourm    .   (no shield)
rNeg     . . .     Faith    .   n - +1 ring mail
rPois    .         Spirit   .   (helmet restricted)
rElec    .         Reflect  .   (no cloak)
rCorr    .         Harm     .   (no gloves)
MR       .....                  (no boots)
Stlth    +.........             (no amulet)
HPRegen  0.20/turn              (no ring)
MPRegen  0.10/turn              (no ring)

@: berserk cooldown, very slightly contaminated, slowed, very slow
A: retaliatory headbutt, horns 2
a: Berserk, Trog's Hand, Burn Spellbooks, Renounce Religion


You were on level 6 of the Dungeon.
You worshipped Trog.
Trog was most pleased with you.
You were not hungry.

You visited 1 branch of the dungeon, and saw 4 of its levels.

You collected 131 gold pieces.

Inventory:

Hand Weapons
 a - a +0 hand axe (weapon)
 g - a +2 quarterstaff of draining
   (You took it off a hobgoblin on level 2 of the Dungeon)
 r - a +0 halberd
   (You took it off a gnoll on level 6 of the Dungeon)
Armour
 b - a +0 animal skin
 n - a +1 ring mail (worn)
   (You found it on level 1 of the Dungeon)
 p - a +0 leather armour
   (You found it on level 1 of the Dungeon)
Jewellery
 f - an uncursed ring of fire {unknown}
   (You found it on level 1 of the Dungeon)
 k - a cursed ring of teleportation {unknown}
   (You took it off a hobgoblin on level 2 of the Dungeon)
Scrolls
 i - a scroll of identify {@r1}
 j - a scroll of blinking
 l - a scroll of enchant armour
Potions
 c - a potion of curing {unknown}
 d - a potion of magic {unknown}
 h - 2 potions of heal wounds {unknown}
 m - a potion of brilliance {unknown}
Comestibles
 e - 3 rations


   Skills:
 + Level 5.4 Fighting
 * Level 6.9 Axes
 + Level 4.8 Armour
 + Level 4.3 Dodging


You had 6 spell levels left.
You didn't know any spells.

Dungeon Overview and Level Annotations

Branches:
Dungeon (3/15)

Altars:


Innate Abilities, Weirdness & Mutations

You reflexively headbutt those who attack you in melee.
You have a pair of horns on your head.


Message History

* * * LOW HITPOINT WARNING * * *
A red film seems to cover your vision as you go berserk!
You feel yourself moving faster!
You feel mighty!
You are feeling very hungry.
The gnoll hits you but does no damage. The gnoll misses you.
You barely miss the gnoll. You slash the gnoll!
The gnoll hits you with a spear.
* * * LOW HITPOINT WARNING * * *
The gnoll barely misses you. You furiously retaliate!
You headbutt the gnoll!
You kill the gnoll!
Trog accepts your kill.
You hit the gnoll. Your headbutt misses the gnoll.
The gnoll hits you with a spear.
* * * LOW HITPOINT WARNING * * *
You hit the gnoll. You headbutt the gnoll.
You kill the gnoll!
Trog accepts your kill.
You hit the jackal.
The jackal bites you but does no damage.
You slash the jackal!
You kill the jackal!
Trog accepts your kill.
You start resting.
Eating a chunk of flesh.
You eat the chunk of flesh.
You feel a strong urge to attack something.
You are no longer berserk.
You are exhausted.
You feel yourself slow down.
You start resting.
A gnoll comes into view. It is wielding a flail.
Unknown command.
As you read the scroll labeled YXOFESUGOC, it crumbles to dust.
You feel blessed for a moment.
It was a scroll of remove curse.
The gnoll shouts!
The gnoll moves out of view.
As you read the scroll labeled AMENOG PUNG, it crumbles to dust.
It is a scroll of enchant armour.
Your +0 ring mail glows green for a moment.
As you read the scroll labeled HUNOBE GEAHOAVEI, it crumbles to dust.
It is a scroll of identify.
j - 2 scrolls of blinking Blink to where?
You are very lightly contaminated with residual magic.
As you read the scroll of blinking, it crumbles to dust.
A gnoll is nearby!
Found a ration.
You start resting.
You eat one of the 4 rations.
That ration really hit the spot!
You slash the gnoll! The gnoll closely misses you.
The gnoll hits you with a flail!
You die...

≈≈≈≈≈≈≈≈....≈≈≈≈≈≈
≈≈≈≈≈≈≈≈)...≈≈≈≈≈≈≈≈≈≈≈≈
≈≈≈≈≈≈≈≈.)g.≈≈≈≈≈≈≈≈≈≈≈≈
..........†.............
##...####g##..##......#
#......g).....+.......#
'.......).....#.......#
##.######.##..##......#
##.# ###.######@....#
...# ........##g....#
...# .......g..%....#
..## ##.##..##.....# ###
.##..##.....#
#...##.....#
#...##.....#
######.....# #.....+


You could see a gnoll.

Vanquished Creatures
  Prince Ribbit (D:6)
  Menkaure (D:6)
  2 gnoll shamans (D:6)
  Natasha (twice) (D:2)
  Robin (D:2)
  An adder (D:2)
  10 gnolls
  An ooze (D:6)
  A worm (D:2)
  2 dart slugs (D:1)
  A leopard gecko (D:6)
  7 bats
  3 giant cockroaches
  13 goblins
  11 hobgoblins
  13 jackals
  A ball python (D:6)
  2 frilled lizards (D:1)
  5 kobolds (D:1)
  A leopard gecko skeleton (D:6)
  6 rats
85 creatures vanquished.

Notes
Turn   | Place    | Note
-------+----------+-------------------------------------------
     0 | D:1      | Ignatius881 the Minotaur Berserker began the quest for the Orb.
     0 | D:1      | Reached XP level 1. HP: 19/19 MP: 0/0
    44 | D:1      | Reached skill level 4 in Axes
    44 | D:1      | Reached XP level 2. HP: 12/27 MP: 1/1
   360 | D:1      | Reached XP level 3. HP: 33/33 MP: 2/2
   708 | D:1      | Reached ** piety under Trog
  1450 | D:2      | Noticed Robin
  1472 | D:2      | Reached XP level 4. HP: 40/40 MP: 3/3
  1564 | D:2      | Noticed Natasha
  1568 | D:2      | Killed Natasha
  1568 | D:2      | Reached skill level 5 in Axes
  1750 | D:2      | Noticed Natasha
  1758 | D:2      | Killed Natasha
  1988 | D:2      | Reached XP level 5. HP: 45/47 MP: 4/4
  1996 | D:2      | Killed Robin
  2443 | D:3      | You fall through a shaft for 3 floors!
  2481 | D:6      | Noticed Prince Ribbit
  2518 | D:6      | Killed Prince Ribbit
  2518 | D:6      | Reached skill level 6 in Axes
  2518 | D:6      | Reached XP level 6. HP: 30/55 MP: 5/5
  2737 | D:6      | Reached skill level 5 in Fighting
  2760 | D:6      | Noticed Menkaure
  2763 | D:6      | Reached *** piety under Trog
  2771 | D:6      | Killed Menkaure
  2801 | D:6      | Reached XP level 7. HP: 41/61 MP: 6/6
  2937 | D:6      | HP: 4/91 [gnoll/spear (6)]
  2956 | D:6      | Slain by a gnoll

Skill      XL: |  1  2  3  4  5  6 |
---------------+-------------------+-----
Axes           | 4 5 6 |  6.9
Fighting       | 4 5 |  5.4
Armour         | 3 4 |  4.8
Dodging        | 3 4 |  4.3

Action                   |  1- 3 |  4- 6 |  7- 9 || total
-------------------------+-------+-------+-------++-------
Melee: Hand axe          |    82 |    79 |    22 ||   183
       Headbutt          |    13 |    13 |     4 ||    30
Invok: Berserk           |     1 |     1 |     3 ||     5
  Use: Scroll            |       |       |     4 ||     4
  Eat: Chunk             |     2 |     2 |     3 ||     7
       Ration            |       |     1 |     1 ||     2
Armor: Animal skin       |    18 |       |       ||    18
       Ring mail         |       |    12 |     2 ||    14
Dodge: Dodged            |    36 |    39 |    19 ||    94
